Map: [TLMC15] Berlingrad

Players

Clem

  • Race: Terran Terran

Dark - Winner!

  • Race: Zerg Zerg

Event: DreamHack SC2 Masters Last Chance 2022

VOD

Have the link to the VOD?

Description

Time

  • Played on: Jan. 13, 2022, 1:05 p.m.
  • Length: 6:56

All games in this series

Show
View Real Time Build Order
Export as new Build Order

Clem Terran 

Build Orders: Reaper Expand, Hellion Banshee 

Get SALT Encoding   

  12  0:00  SCV  
  13  0:12  SCV  
  14  0:17  Supply Depot  
  14  0:25  SCV  
  15  0:38  SCV  
  15  0:39  Barracks  
  16  0:43  Refinery  
  16  0:50  SCV  
  17  1:02  SCV  
  18  1:15  SCV  
  19  1:27  Reaper, Orbital Command  
  20  1:39  Command Center  
  20  1:47  Supply Depot  
  20  1:52  SCV  
  21  1:58  Marine  
  22  2:04  SCV  
  23  2:10  Factory  
  23  2:16  SCV  
  23  2:20  Barracks Reactor  
  24  2:28  SCV  
  25  2:34  Refinery  
  25  2:40  SCV  
  26  2:51  Orbital Command  
  26  2:53  SCV  
  27  2:59  Starport  
  27  3:02  Hellion x2  
  27  3:05  SCV  
  32  3:07  Barracks Tech Lab  
  32  3:12  Supply Depot  
  32  3:17  SCV x2  
  34  3:23  Hellion x2  
  38  3:29  SCV  
  38  3:31  SCV  
  40  3:36  Supply Depot  
  41  3:41  SCV  
  41  3:43  Banshee, SCV  
  41  3:44  Cloaking Field  
  41  3:45  Barracks Tech Lab  
  45  3:50  Hellion x2  
  49  3:59  Supply Depot  
  49  4:02  SCV x2  
  51  4:05  Stimpack  
  51  4:14  SCV x2  
  53  4:21  Command Center  
  53  4:26  Banshee, SCV x2  
  58  4:33  Factory Reactor  
  58  4:36  Barracks  
  58  4:38  SCV x2  
  58  4:39  Marine  
  58  4:40  Barracks  
  61  4:49  Engineering Bay  
  61  4:50  SCV  
  61  4:51  SCV, Engineering Bay  
  63  4:57  Marine  
  64  5:03  SCV x2  
  64  5:04  Supply Depot, Refinery x2  
  66  5:15  SCV x2  
  66  5:16  Starport Reactor  
  68  5:23  Marine  
  68  5:27  SCV x2  
  68  5:28  Marine x2  
  73  5:31  Marine  
  73  5:32  Siege Tank  
  77  5:41  Marine  
  74  5:43  Orbital Command  
  74  5:45  Marine  
  74  5:46  Marine  
  74  5:49  Marine  
  71  5:58  Marine  
  71  6:03  Marine x2  
  71  6:07  Marine  
  71  6:08  SCV  
  71  6:09  SCV  
  57  6:11  SCV  
  57  6:16  Marine  
  46  6:20  SCV  
  46  6:21  SCV  
  46  6:22  Marine  
  46  6:23  SCV, Marine  
  46  6:25  Marine  
  46  6:32  SCV  
  47  6:34  Marine  
Show
View Real Time Build Order
Export as new Build Order

Dark Zerg - Winner!

Build Orders: Hatch First 

Get SALT Encoding   

  12  0:00  Drone  
  13  0:13  Overlord  
  13  0:17  Drone  
  14  0:32  Drone x2  
  16  0:49  Hatchery  
  15  0:53  Drone  
  15  0:56  Drone  
  17  1:01  Drone  
  18  1:10  Extractor  
  17  1:14  Spawning Pool  
  16  1:18  Drone  
  16  1:21  Drone  
  18  1:29  Drone  
  20  1:40  Drone  
  20  1:50  Drone  
  21  2:04  Zergling x4  
  21  2:05  Queen x2  
  27  2:13  Metabolic Boost, Zergling x2  
  27  2:14  Overlord  
  28  2:31  Hatchery  
  28  2:33  Drone  
  28  2:37  Drone  
  28  2:39  Drone  
  30  2:49  Queen  
  30  2:51  Overlord  
  32  2:54  Drone  
  32  2:56  Drone  
  34  3:02  Drone  
  34  3:03  Drone  
  36  3:10  Drone x2  
  38  3:13  Drone x2  
  38  3:14  Drone  
  41  3:21  Drone  
  41  3:25  Queen  
  44  3:30  Overlord  
  44  3:43  Queen, Lair  
  44  3:44  Drone x4  
  50  3:51  Zergling x6  
  52  3:57  Drone  
  52  3:59  Zergling x2  
  52  4:00  Zergling x2  
  52  4:01  Drone x2  
  57  4:03  Queen  
  57  4:04  Extractor  
  57  4:09  Overlord  
  57  4:13  Overlord  
  57  4:27  Queen  
  57  4:29  Drone x7  
  66  4:32  Spore Crawler  
  66  4:33  Spore Crawler  
  66  4:34  Drone x2  
  66  4:36  Drone x2  
  68  4:42  Spore Crawler  
  68  4:44  Nydus Network  
  66  4:46  Queen  
  66  4:51  Queen  
  70  4:56  Zergling x6  
  72  5:05  Queen  
  74  5:08  Overlord x2  
  74  5:12  Overlord  
  74  5:20  Overseer, Nydus Canal  
  74  5:25  Queen  
  77  5:28  Zergling x20  
  86  5:39  Nydus Canal  
  86  5:42  Zergling x18  
  95  5:44  Zergling x2  
  95  5:49  Zergling x4  
  98  5:50  Zergling x2  
  93  5:57  Queen x2  
  93  6:00  Zergling x2  
  84  6:14  Nydus Canal  
  84  6:17  Zergling x14  
  85  6:19  Roach Warren  
  85  6:25  Drone x2  
  86  6:32  Drone x5  
  91  6:37  Zergling x6  
  91  6:40  Nydus Canal  
  91  6:46  Extractor  
  91  6:47  Extractor  

Tags
 
Add a new tag
Caveats
  • Supply blocks, unpowered buildings, or Contaminate may cause inaccurate times.
  • Supply counts are checked every 10 seconds.